 Dungeon Crawl Stone Soup version 0.29-a0-322-g68df515428 (webtiles) character file.

Game seed: 12369628424034349629

47 Leszczynek the Chopper (level 3, 0/28 HPs)
             Began as a Human Gladiator on Apr 6, 2022.
             Slain by Jessica
             ... wielding a +0 dagger
              (2 damage)
             ... on level 2 of the Dungeon.
             The game lasted 00:05:25 (658 turns).

Leszczynek the Chopper (Human Gladiator)             Turns: 658, Time: 00:05:25

Health: 0/28       AC:  4    Str: 16    XL:     3   Next: 97%
Magic:  3/3        EV: 12    Int:  8    God:
Gold:   28         SH:  0    Dex: 14    Spells: 2/2 levels left

rFire   . . .      SeeInvis .   a - +1 war axe
rCold   . . .      Faith    .   (no shield)
rNeg    . . .      Spirit   .   b - +0 leather armour
rPois   .          Reflect  .   c - +0 helmet
rElec   .          Harm     .   (no cloak)
rCorr   .          Rampage  .   (no gloves)
Will    .....                   (no boots)
Stlth   +.........              (no amulet)
HPRegen 0.09/turn               (no ring)
MPRegen 0.08/turn               (no ring)

@: slowed, very slow
A: no striking features
a: no special abilities


You were on level 2 of the Dungeon.
You visited 1 branch of the dungeon, and saw 2 of its levels.

You collected 28 gold pieces.

Inventory:

Hand Weapons
 a - a +1 war axe (weapon)
Armour
 b - a +0 leather armour (worn)
 c - a +0 helmet (worn)
Scrolls
 g - 2 scrolls of identify {@r1}
 i - a scroll of magic mapping


   Skills:
 * Level 2.8 Fighting
 * Level 3.5 Axes
 + Level 2.4 Throwing
 + Level 3.2 Dodging


You had 2 spell levels left.
You didn't know any spells.
Your spell library contained the following spells:

 Spells                   Type           Power      Damage    Failure   Level
 Fireball                 Conj/Fire      0%         3d3       100%        5
 Iskenderun's Battlesphe  Conj           0%         2d6       100%        5
 Conjure Ball Lightning   Conj/Air       0%         3x3d6     100%        6
 Orb of Destruction       Conj           0%         9d5       100%        7


Dungeon Overview and Level Annotations

Branches:
Dungeon (2/15)

Altars:

Shops:
D:1 [:

Annotations:
D:2 Jessica, Robin


Message History

You kill the hobgoblin!
The goblin hits you but does no damage.
You hit the goblin.
You kill the goblin!
You feel less wooden.
Your +0 helmet unmelds from your body.
Your +0 leather armour unmelds from your body.
Jessica the Apprentice Sorceress comes into view.
She is wielding a +0 dagger.
Jessica shouts!
Jessica gestures at you while chanting.
You feel yourself slow down.
You aren't carrying any potions.
As you read the scroll of enchant weapon, it crumbles to dust.
Your +0 war axe glows red for a moment.
Jessica very coldly says, "I hate your company."
Unknown command.
A worm comes into view.
Jessica hits you but does no damage. Jessica hits you with a +0 dagger.
* * * LOW HITPOINT WARNING * * *
Unknown command.
You barely miss Jessica.
Jessica gestures wildly while chanting.
Jessica blinks!
Unknown command.
Unknown command.
You hit the hobgoblin but do no damage. The hobgoblin hits you.
* * * LOW HITPOINT WARNING * * *
The hobgoblin hits you.
* * * LOW HITPOINT WARNING * * *
Unknown command.
You barely miss the hobgoblin. The hobgoblin barely misses you. x2
Unknown command.
You slash the hobgoblin!
You kill the hobgoblin!
Jessica hits you but does no damage.
Unknown command.
You hit Jessica.
Jessica is lightly wounded.
Jessica misses you. Jessica hits you with a +0 dagger.
You die...

#...#.
!.......$....
....@
#####...†....≈
..w.
.............≈
...
#####.g.....≈ ..
##.####... #.
#..# #... #w###
#.## ##?.
#.@.#######.# #.
###@........# .
##[.......# . .
#........####..
.
#..............
#............#.
#.........####..
#......(..# #..
#.........# ...
#.........##.#


You could see a worm and Jessica.

Vanquished Creatures
  An adder (D:2)
  2 bats
  6 endoplasms
  3 giant cockroaches (D:1)
  6 goblins
  2 hobgoblins (D:2)
  3 jackals (D:1)
  3 quokkas (D:1)
  2 kobolds (D:1)
  4 rats
32 creatures vanquished.

Notes
Turn   | Place    | Note
-------+----------+-------------------------------------------
     0 | D:1      | Leszczynek the Human Gladiator began the quest for the Orb.
     0 | D:1      | Reached XP level 1. HP: 16/16 MP: 1/1
    45 | D:1      | Found Tobinir's Antique Armour Boutique.
   112 | D:1      | Reached XP level 2. HP: 14/22 MP: 2/2
   163 | D:1      | Found Omur Inua's Book Emporium.
   371 | D:1      | stairs? hello?
   478 | D:1      | Reached XP level 3. HP: 28/28 MP: 3/3
   501 | D:1      | calm down, not so fast!
   544 | D:2      | Found a faded altar of an unknown god.
   553 | D:2      | Noticed Robin
   594 | D:2      | HP: 8/42 [poisoned by an adder]
   597 | D:2      | HIT something
   597 | D:2      | you useless motherfucker
   619 | D:2      | and now i die because treeform just doesn't end
   619 | D:2      | but use it against bees and it's darkgreen after three
                  | turns
   649 | D:2      | Noticed Jessica
   655 | D:2      | HP: 2/28 [hobgoblin[Robin] (4)]
   658 | D:2      | Slain by Jessica

Illustrated notes #### ...# ##.# ##.### .....#### ########## ...#....#####......... .#.####..........#.## ...# #######.#..#.# #.## #.#.@..# #.### #.##.#.# ....# #.##.# # #.#.####### #..... #.#.#.....# ######. #.........# . #.........# # ..........# #####.....# Turn 371 on D:1: stairs? hello?

#.# ###.###.# #
######.###.#.....# #
#......##.....##.#####
##..##..###.#..##.#....
###........####..........
....................#....
#......)...†.....##.#####
###....^...##..††...# #
#.....@..####..#### #
........>........# #
#...........####.# #.
###........#.. #.# ..
##..##..##..##.##### ..
##.#.... .....#...##..
#.#.... ..####.###...
.........#..........
##... ..#.#######..


Turn 501 on D:1: calm down, not so fast! #......(..# #.. #.........# ...
#.........##.# #.######)##..# #.# ###.(..##.. #.# #.####(........##
#..########.##...<..###.... #.............)†..........
#.............♣)#......... #............####......... #.......#....# #........r
#.......###### ########## #..<....# #.......# #.......# #.......# ######### Turn
597 on D:2: HIT something #......(..# #.. #.........# ... #.........##.#
#.######)##..# #.# ###.(..##.. #.# #.####(...g....## #..########.##...<..###....
#.............)†....gg.... #.............♣)#......... #............####.........
#.......#....# #........r #.......###### ########## #..<....# #.......#
#.......# #.......# ######### Turn 619 on D:2: and now i die because treeform
just doesn't end

Levels and vault maps discovered:
D:1:      dpeg_arrival_signposts, layout_loops_cross, serial_shops, shop,
          nicolae_shop_behind_doors, st_stairs_5, chequers_hall_statues_y
D:2:      layout_rooms, hellmonk_ecumenical_altar_pennies_from_heaven,
          uniq_robin, uniq_jessica

Action                   || total
-------------------------++-------
Melee: War axe           ||    80
Throw: Throwing net      ||     3
       Javelin           ||     1
  Use: Scroll            ||     5
       Potion            ||     1
 Stab: Sleeping          ||     1
       Distracted        ||     1
Armor: Leather armour    ||    37
       Skin              ||    11
Dodge: Dodged            ||    71

Table legend: (Time is in decaauts)
 A = Elapsed time spent in this place.
 B = Non-inter-level travel time spent in this place.
 C = Inter-level travel time spent in this place.
 D = Time resting spent in this place.
 E = Time spent auto-exploring this place.
 F = Levels seen in this place.
 G = Mean time per level.
                   A        B        C        D        E       F      G
               +--------+--------+--------+--------+--------+-----+--------+
         Total |    696 |    645 |     51 |      0 |      0 |   2 |  348.0 |
       Dungeon |    696 |    645 |     51 |      0 |      0 |   2 |  348.0 |
               +--------+--------+--------+--------+--------+-----+--------+

Top non-repeatable levels by time:
     D:1: 520 daAuts
     D:2: 176 daAuts
